Map: Abyssal Reef LE

Players

CrkdPinkies

  • Race: Protoss Protoss
  • League: Master
  • Spawn Location: 11:00

ProjectSix - Winner!

  • Race: Zerg Zerg
  • League: Diamond
  • Spawn Location: 5:00

VOD

Have the link to the VOD?

Description

Time

  • Played on: Feb. 13, 2017, 3:57 p.m.
  • Length: 9:01
Show
View Real Time Build Order
Export as new Build Order

CrkdPinkies Protoss 

Build Orders: 1 Gate Expand 

Get SALT Encoding   

  12  0:01  Probe (Chrono Boost)  
  13  0:11  Probe (Chrono Boost)  
  14  0:20  Pylon  
  14  0:22  Probe (Chrono Boost)  
  15  0:38  Probe (Chrono Boost)  
  15  0:40  Gateway  
  16  0:48  Probe (Chrono Boost)  
  16  0:49  Assimilator  
  17  0:59  Probe (Chrono Boost)  
  18  1:09  Probe (Chrono Boost)  
  19  1:23  Nexus  
  19  1:27  Probe (Chrono Boost)  
  20  1:36  Cybernetics Core  
  21  1:40  Probe (Chrono Boost)  
  21  1:47  Assimilator  
  21  1:50  Probe (Chrono Boost)  
  22  1:55  Pylon  
  22  2:01  Probe (Chrono Boost)  
  23  2:10  Adept  
  23  2:15  Warp Gate  
  26  2:16  Probe (Chrono Boost)  
  26  2:28  Probe (Chrono Boost)  
  27  2:33  Adept, Twilight Council  
  28  2:37  Probe (Chrono Boost)  
  28  2:40  Probe (Chrono Boost)  
  31  2:47  Probe (Chrono Boost)  
  33  2:52  Probe (Chrono Boost)  
  33  2:57  Pylon, Adept  
  33  2:58  Probe (Chrono Boost)  
  34  3:04  Probe (Chrono Boost), Resonating Glaives  
  37  3:09  Probe (Chrono Boost)  
  38  3:16  Probe (Chrono Boost)  
  38  3:19  Probe (Chrono Boost)  
  40  3:26  Adept  
  40  3:29  Probe (Chrono Boost)  
  40  3:30  Probe (Chrono Boost)  
  40  3:33  Gateway  
  42  3:35  Gateway  
  42  3:40  Probe (Chrono Boost)  
  42  3:41  Probe (Chrono Boost)  
  44  3:47  Pylon  
  44  3:51  Probe (Chrono Boost)  
  44  3:53  Probe (Chrono Boost)  
  46  4:01  Probe (Chrono Boost)  
  47  4:05  Probe (Chrono Boost)  
  48  4:10  Nexus  
  48  4:12  Probe (Chrono Boost)  
  48  4:13  Pylon  
  50  4:17  Probe (Chrono Boost)  
  50  4:23  Mothership Core (Chrono Boost)  
  52  4:28  Adept  
  52  4:29  Adept x2  
  58  4:34  Probe (Chrono Boost)  
  58  4:35  Robotics Facility  
  59  4:38  Forge  
  59  4:43  Assimilator  
  59  4:45  Assimilator  
  59  4:50  Probe (Chrono Boost), Pylon  
  59  4:51  Probe (Chrono Boost), Sentry x3  
  67  5:00  Probe (Chrono Boost)  
  67  5:03  Probe (Chrono Boost), Pylon  
  67  5:05  Pylon  
  69  5:11  Probe (Chrono Boost)  
  71  5:15  Probe (Chrono Boost)  
  71  5:21  Probe (Chrono Boost), Gateway  
  71  5:24  Probe (Chrono Boost)  
  71  5:25  Protoss Ground Weapons Level 1  
  71  5:27  Probe (Chrono Boost)  
  72  5:30  Adept  
  72  5:31  Adept x2, Immortal  
  72  5:32  Probe (Chrono Boost)  
  69  5:39  Probe (Chrono Boost)  
  69  5:41  Probe (Chrono Boost)  
  69  5:42  Gateway  
  75  5:44  Probe (Chrono Boost)  
  74  5:51  Probe (Chrono Boost)  
  74  6:02  Sentry  
  74  6:03  Sentry  
  74  6:04  Sentry  
  74  6:06  Probe (Chrono Boost), Pylon  
  74  6:07  Probe x2 (Chrono Boost)  
  74  6:10  Immortal  
  79  6:15  Pylon  
  79  6:16  Probe (Chrono Boost), Pylon  
  86  6:19  Probe x2 (Chrono Boost)  
  86  6:25  Gateway x2  
  86  6:27  Probe (Chrono Boost)  
  86  6:28  Sentry x2  
  86  6:31  Probe x2 (Chrono Boost)  
  93  6:33  Adept  
  93  6:34  Adept  
  93  6:37  Probe (Chrono Boost)  
  98  6:42  Blink  
  98  6:43  Probe (Chrono Boost)  
  99  6:47  Warp Prism  
  99  6:49  Photon Cannon  
  99  6:51  Assimilator  
  101  6:54  Zealot  
  101  6:57  Pylon  
  101  6:59  Photon Cannon  
  103  7:01  Assimilator  
  103  7:04  Pylon  
  103  7:05  Probe (Chrono Boost)  
  103  7:08  Pylon  
  104  7:10  Adept x4  
  112  7:22  Pylon  
  113  7:24  Probe (Chrono Boost), Observer  
  113  7:26  Nexus  
  113  7:27  Pylon  
  113  7:29  Probe (Chrono Boost)  
  116  7:30  Probe (Chrono Boost)  
  116  7:36  Probe (Chrono Boost)  
  117  7:40  Probe (Chrono Boost)  
  117  7:42  Probe (Chrono Boost)  
  109  7:59  Stalker x5  
  109  8:03  Robotics Bay  
  109  8:05  Robotics Facility  
  117  8:07  Pylon  
  117  8:10  Immortal  
  120  8:22  Gateway  
  120  8:23  Stalker x4  
  120  8:24  Stalker x3, Gateway  
  134  8:33  Dark Shrine  
  134  8:35  Pylon  
  110  8:49  Adept x6  
Show
View Real Time Build Order
Export as new Build Order

ProjectSix Zerg - Winner!

Build Orders: Hatch First 

Get SALT Encoding   

  12  0:01  Drone  
  13  0:08  Drone  
  14  0:19  Overlord  
  14  0:22  Extractor  
  14  0:23  Drone  
  15  0:37  Drone x2  
  17  0:44  Drone  
  18  1:01  Drone  
  19  1:06  Hatchery  
  18  1:16  Spawning Pool  
  18  1:17  Drone  
  18  1:19  Drone  
  19  1:26  Overlord  
  19  1:40  Drone  
  20  1:51  Drone  
  21  2:00  Drone  
  22  2:03  Queen  
  24  2:10  Zergling x2  
  24  2:12  Hatchery  
  24  2:18  Zergling x2  
  24  2:20  Queen  
  27  2:23  Drone  
  28  2:32  Zergling x4  
  30  2:42  Drone  
  30  2:43  Drone  
  32  2:44  Queen  
  35  2:51  Drone, Extractor  
  35  2:53  Drone  
  35  3:02  Overlord  
  35  3:07  Overlord  
  35  3:13  Drone  
  35  3:19  Queen  
  36  3:31  Zergling x2  
  36  3:32  Zergling x6  
  40  3:39  Drone x7  
  47  3:45  Overlord  
  47  3:50  Drone x2  
  49  4:01  Metabolic Boost  
  49  4:03  Roach Warren  
  49  4:04  Drone  
  49  4:13  Drone  
  49  4:14  Drone x5  
  55  4:17  Overlord  
  55  4:28  Drone  
  55  4:29  Drone x5  
  61  4:32  Overlord  
  61  4:33  Drone  
  62  4:39  Overlord  
  62  4:42  Drone x3  
  62  4:43  Extractor  
  62  4:45  Extractor  
  63  4:46  Roach  
  63  4:48  Extractor  
  64  4:53  Evolution Chamber  
  64  4:54  Evolution Chamber  
  64  4:58  Drone x2  
  64  4:59  Drone x3  
  67  5:07  Zergling x2  
  67  5:08  Zergling x8  
  67  5:35  Drone  
  68  5:36  Drone x11  
  68  5:38  Zerg Ground Armor Level 1, Zerg Missile Weapons Level 1  
  79  5:43  Lair  
  79  5:45  Drone  
  80  5:50  Extractor  
  80  5:52  Extractor  
  70  6:11  Overlord  
  70  6:12  Overlord x2  
  70  6:16  Drone x4  
  70  6:17  Overlord  
  74  6:24  Hatchery  
  73  6:26  Ravager  
  73  6:30  Overlord  
  73  6:31  Overlord  
  73  6:32  Roach x3  
  82  6:33  Roach  
  82  6:38  Hatchery  
  83  6:40  Roach x3  
  87  6:55  Overlord x2  
  87  6:56  Drone x3  
  87  6:57  Overseer  
  92  7:01  Roach  
  92  7:02  Spore Crawler, Roach x4  
  92  7:04  Glial Reconstitution  
  99  7:12  Roach x4  
  99  7:13  Roach  
  99  7:15  Overlord  
  109  7:20  Roach x2  
  113  7:25  Overlord  
  113  7:29  Roach x4  
  121  7:30  Roach  
  122  7:48  Roach  
  122  7:49  Roach x9  
  142  7:56  Roach x3  
  140  8:10  Ravager  
  140  8:11  Ravager x5  
  140  8:12  Ravager x2  
  148  8:15  Roach  
  148  8:16  Roach x5  
  160  8:25  Extractor  
  159  8:27  Extractor  
  159  8:28  Ravager  
  159  8:29  Ravager x5  
  159  8:31  Roach x2  
  159  8:33  Overlord x2  
Tags
 
Add a new tag
Caveats
  • Supply blocks, unpowered buildings, or Contaminate may cause inaccurate times.
  • Supply counts are checked every 10 seconds.